 Dungeon Crawl Stone Soup version 0.30-a0-1112-gfb780f5df6 (webtiles) character file.

Game seed: 11882333596405426418

1624290 Arzdou the Minotaur Barricade (level 26, 212/212 HPs)
             Began as a Minotaur Berserker on Apr 18, 2023.
             Was an Elder of Trog.
             Escaped with the Orb
             ... and 3 runes on Apr 19, 2023!
             The game lasted 03:48:50 (75026 turns).

Arzdou the Minotaur Barricade (Minotaur Berserker) Turns: 75026, Time: 03:48:50

Health: 212/212    AC: 43    Str: 31    XL:     26   Next: 86%
Magic:  19/19      EV: 10    Int:  9    God:    Trog [****..]
Gold:   1228       SH: 29    Dex: 16    Spells: 25/25 levels left

rFire   + + +      SeeInvis +    a - +9 broad axe (elec)
rCold   . . .      Faith    .    s - +4 tower shield {reflect}
rNeg    + + .      Spirit   .    n - +10 gold dragon scales
rPois   +          Reflect  +    p - +1 hat
rElec   +          Rampage  .    O - +0 cloak of Galiorur {rElec rF+ Str-3 Dex+5}
rCorr   .          Clarity  +    R - +1 pair of gloves of Distant Shores {Int+2 Slay+3}
Will    +++++      Rnd*Tele +    k - +2 pair of boots "Idwol" {rPois Str+5} Stlth
                                 D - amulet of the Four Winds {rN+ Will+++ Clar}
HPRegen 0.55/turn                J - ring "Cyczeidoha" {rF++ rN+ Slay+2}
MPRegen 0.16/turn                A - ring of Mutualism {rC+ Int+3 SInv}

@: studying 3 skills
A: horns 2, retaliatory headbutt, iridescent scales 1, deformed body, dopey 1,
frail 2, low MP 1, strong-willed 2, screaming 1, teleportitis 1, weak 1,
evolution 1, cold vulnerability 2, subdued magic 1
0: Orb of Zot
}: 3/15 runes: serpentine, barnacled, abyssal
a: Renounce Religion, Berserk, Trog's Hand, Brothers in Arms


You escaped.
You worshipped Trog.
Trog was greatly pleased with you.
You visited 9 branches of the dungeon, and saw 46 of its levels.
You visited the Abyss 1 time.
You also visited: Ossuary.

You collected 10320 gold pieces.
You spent 9092 gold pieces at shops.

Inventory:

Hand Weapons
 a - a +9 broad axe of electrocution (weapon)
 b - a +8 sling
 N - a +4 antimagic broad axe
Missiles
 v - 5 throwing nets
Armour
 c - the +18 shield of the Gong {Loud rN+ Will+ rCorr EV-5}
   (You found it on level 10 of the Dungeon)

   Loud:      It is deafeningly noisy when blocking attacks.
   EV:        It affects your evasion (-5).
   rN:        It protects you from negative energy.
   rCorr:     It protects you from acid and corrosion.
   Will:      It increases your willpower.
 k - the +2 pair of boots "Idwol" (worn) {rPois Str+5}
   (You acquired it on level 2 of the Orcish Mines)

   Str:       It affects your strength (+5).
   rPois:     It protects you from poison.
 n - +10 gold dragon scales (worn)
 p - a +1 hat (worn)
 s - a +4 tower shield of reflection (worn)
 B - a scarf of invisibility
 O - the +0 cloak of Galiorur (worn) {rElec rF+ Str-3 Dex+5}
   (You found it on level 4 of the Shoals)

   Str:       It affects your strength (-3).
   Dex:       It affects your dexterity (+5).
   rF:        It protects you from fire.
   rElec:     It insulates you from electricity.
 R - the +1 pair of gloves of Distant Shores (worn) {Int+2 Slay+3}
   (You found it on level 4 of the Shoals)

   Int:       It affects your intelligence (+2).
   Slay:      It affects your accuracy & damage with ranged weapons and melee
   (+3).
Jewellery
 i - the ring "Meir" {Fire Fly Will+ SInv Stlth+}
   (You acquired it on level 2 of the Depths)

   [ring of fire]

   It enhances your fire magic.
   rF:        It protects you from fire.
   rC:        It makes you vulnerable to cold.
   SInv:      It lets you see invisible.
   Fly:       It grants you flight.
   Will:      It increases your willpower.
   Stlth:     It makes you more stealthy.
 j - the ring "Juontocw" {+Blink rPois rN+ Dex+3}
   (You found it on level 1 of the Vaults)

   [ring of positive energy]

   Dex:       It affects your dexterity (+3).
   rPois:     It protects you from poison.
   rN:        It protects you from negative energy.
   +Blink:    It lets you blink.
 A - the ring of Mutualism (right hand) {rC+ Int+3 SInv}
   (You took it off a deep elf annihilator on level 3 of the Elven Halls)

   [ring of protection from cold]

   Int:       It affects your intelligence (+3).
   rC:        It protects you from cold.
   SInv:      It lets you see invisible.
 D - the amulet of the Four Winds (around neck) {rN+ Will+++ Clar}
   (You bought it in a shop on level 4 of the Dungeon)

   [amulet of nothing]

   rN:        It protects you from negative energy.
   Clar:      It protects you against confusion.
   Will:      It greatly increases your willpower.
 J - the ring "Cyczeidoha" (left hand) {rF++ rN+ Slay+2}
   (You bought it in a shop on level 5 of the Dungeon)

   [ring of positive energy]

   Slay:      It affects your accuracy & damage with ranged weapons and melee
   (+2).
   rF:        It greatly protects you from fire.
   rN:        It protects you from negative energy.
 Q - a ring of resist corrosion
Wands
 u - a wand of roots (33)
 z - a wand of charming (40)
 F - a wand of digging (12)
 G - a wand of polymorph (21)
 M - a wand of light (26)
 W - a wand of mindburst (36)
 Y - a wand of flame (70)
Scrolls
 h - 5 scrolls of fear
 m - 18 scrolls of teleportation
 r - 6 scrolls of poison
 w - 3 scrolls of silence
 y - 15 scrolls of fog
 C - 4 scrolls of magic mapping
 H - 8 scrolls of immolation
 K - 4 scrolls of vulnerability
 L - 2 scrolls of brand weapon
 P - 4 scrolls of summoning
 S - 9 scrolls of blinking
Potions
 d - 27 potions of curing
 e - 10 potions of lignification
 f - 4 potions of cancellation
 g - 4 potions of resistance
 l - 5 potions of might
 o - 2 potions of flight
 q - 8 potions of attraction
 t - 3 potions of mutation
 E - 3 potions of invisibility
 T - a potion of heal wounds
 U - 7 potions of magic
 V - 2 potions of ambrosia
 Z - 4 potions of haste
Miscellaneous
 x - a box of beasts
 I - a phial of floods (inert)


   Skills:
 O Level 27 Fighting
 O Level 27 Axes
 + Level 3.3(18.3) Maces & Flails
 * Level 12.1 Ranged Weapons
 + Level 1.1 Throwing
 O Level 27 Armour
 + Level 4.9 Dodging
 + Level 5.2 Stealth
 O Level 27 Shields
 * Level 15.9 Evocations


You had 25 spell levels left.
You didn't know any spells.
Your spell library was empty.

Dungeon Overview and Level Annotations

Branches:
Dungeon (15/15)            Temple (0/1) D:4            Lair (5/5) D:9
 Shoals (4/4) Lair:2        Snake (4/4) Lair:3        Slime (0/5) Lair:5
    Orc (2/2) D:9             Elf (3/3) Orc:2        Vaults (4/5) D:14
  Crypt (0/3) Vaults:3     Depths (4/4) D:15            Zot (5/5) Depths:4
Ossuary (visited)

Altars:
Dithmenos
Fedhas
Kikubaaqudgha
Makhleb
Nemelex Xobeh
Qazlal
Uskayaw
Xom
Zin
Jiyva

Shops:
D:4 =   D:5 =   D:9 (   Orc:1 (   Orc:2 ?[*[   Elf:2 [[   Shoals:2 ==:
Snake:1 !*   Snake:3 =::   Vaults:1 ?!=*   Vaults:2 (=   Vaults:4 *
Depths:2 !**?   Depths:3 *

Portals:
Hell: Depths:1 Depths:2 Depths:3 Depths:4
Abyss: Depths:2 Depths:3
Pandemonium: Depths:1 Depths:2 Depths:3
Ziggurat: Depths:2
Trove: Depths:3 (give +4 storm dragon scales)

Annotations:
Lair:2 exclusion: 2 oklob plants
Zot:1 1 runed translucent door, Rarotz's ghost, legendary DjCj


Innate Abilities, Weirdness & Mutations

You have a pair of horns on your head.
You reflexively headbutt those who attack you in melee.
You are partially covered in iridescent scales. (AC +2)
Armour fits poorly on your strangely shaped body.
You are dopey. (Int -2)
You are very frail. (-20% HP)
Your magical capacity is low. (-10% MP)
You are highly strong-willed. (Will++)
You occasionally shout uncontrollably at your foes.
You are occasionally teleported next to monsters.
You are weak. (Str -2)
You have hidden genetic potential.
You are very vulnerable to cold. (rC--)
Your spells are a little easier to cast, but a little less powerful.


Message History

You climb upwards.
There is a stone staircase leading down here.
There is an escape hatch in the ceiling here.
A mysterious force pulls you upwards. The hatch slams shut behind you.
There is an escape hatch in the ceiling here.
A mysterious force pulls you upwards. The hatch slams shut behind you.
There is a stone staircase leading up here.
You climb upwards.
There is a stone staircase leading down here.
There is a stone staircase leading up here.
You climb upwards.
There is a stone staircase leading down here.
Things that are here:
a +0 scale mail; a +0 dagger
There is a stone staircase leading up here.
You climb upwards.
There is a stone staircase leading down here.
You hear a grinding noise.
You hear a grinding noise.
You hear a grinding noise.
You hear a grinding noise.
You hear a grinding noise.
You hear a grinding noise.
You hear a grinding noise.
A cacodemon comes into view.
You yell at the cacodemon!
The cacodemon moves out of view.
You hear a grinding noise.
You hear a grinding noise.
There is a stone staircase leading down here.
You hear a grinding noise.
You see here a +0 short sword.
There is a stone staircase leading up here.
You hear a grinding noise.
You climb upwards.
There is a stone staircase leading down here.
There is an open door here.
There is an open door here.
There is a staircase leading out of the dungeon here.
You have escaped!

.......######.+....###...........
.......###..#'#....# #..........#
.......##.....#'#### #..........#
..........#.......## #..........#
........###'##.....###.........##
........# #..####....#...........
..####.####..####'#..............
..####>...#..##...############...
..##...##.#..##.@.# #...#...
..##......################...#...
..##...#.........................
.......#................##...#...
.....###..............#..........
.....# #.............###.........
.....###.............###.......##
##...................#........##.
#####................#.....##..#.


There were no monsters in sight!

Vanquished Creatures
  6 dread liches
  7 orbs of fire
  2 ancient liches
  2 juggernauts
  Vv (Depths:3)
  Boris (thrice) (Depths:1 Depths:3 D:8)
  2 Killer Klowns (Zot:5)
  A curse toe (Zot:2)
  Saint Roka (Vaults:3)
  9 golden dragons
  2 caustic shrikes (Depths:2)
  The ghost of MrClown the Black Sun, an adept DsNe of Kikubaaqudgha (Vaults:3)
  4 bone dragons
  Nikola (Elf:2)
  A Brimstone Fiend (D:15)
  4 electric golems
  Jorgrun (Elf:2)
  28 Orb Guardians
  A hellephant (Abyss:3)
  16 tentacled monstrosities
  2 walking crystal tomes
  4 liches
  2 walking earthen tomes
  A titan (Shoals:4)
  Asterion (Vaults:1)
  2 deep elf master archers (Elf:3)
  2 quicksilver dragons
  4 death cobs
  The ghost of morax the Brawler, an adept TrBe of Trog (Elf:1)
  An ancient champion (Vaults:3)
  2 sphinxes
  An acid blob (Depths:4)
  A walking divine tome (Depths:2)
  16 tentacled starspawn
  An Executioner (Abyss:1)
  3 tengu reavers
  7 shadow dragons
  Roxanne (Shoals:3)
  5 nagarajas (Snake:4)
  3 draconian knights
  A rockslime (Zot:5)
  A fenstrider witch (shapeshifter) (Depths:1)
  Donald (Vaults:4)
  8 storm dragons
  2 draconian monks
  6 narguns (Zot:3)
  5 fire giants
  5 draconian scorchers
  9 frost giants
  10 vault wardens
  2 balrugs
  12 deep elf sorcerers
  Louise (Depths:2)
  Aizul (Snake:2)
  3 ghost moths
  2 orc warlords
  3 deep elf elementalists (Elf:3)
  5 draconian annihilators
  4 draconian stormcallers
  3 draconian shifters
  2 war gargoyles
  33 very ugly things
  17 ironbound preservers
  11 stone giants
  4 spriggan defenders
  10 green draconians
  6 ironbound thunderhulks
  An eleionoma (shapeshifter) (Depths:4)
  Azrael (Elf:2)
  3 vampire knights
  7 deep elf demonologists (Elf:3)
  10 deep elf annihilators
  10 dire elephants
  11 black draconians
  A lorocyproca (Abyss:2)
  7 red draconians
  10 purple draconians
  5 spark wasps (Depths:2)
  11 yellow draconians
  13 white draconians
  The ghost of Dyetwah the Spry, a journeyman FeSu of Gozag (Snake:4)
  4 deep elf death magi
  2 green deaths
  3 ettins
  An eidolon (Abyss:3)
  2 crystal guardians (Depths:1)
  5 fire dragons
  8 merfolk javelineers
  16 merfolk impalers
  3 deep elf high priests
  9 great orbs of eyes
  An entropy weaver (Vaults:3)
  Fannar (Lair:2)
  12 yaktaur captains
  4 ice dragons
  14 hydras
  2 rakshasas
  A spriggan zombie (Abyss:1)
  A catoblepas (Lair:5)
  A hell beast (Depths:2)
  2 salamander tyrants
  9 two-headed ogres
  A peacekeeper (Vaults:4)
  6 vault guards
  8 ironbound frosthearts
  4 satyrs
  An anaconda (shapeshifter) (D:13)
  10 boulder beetles
  3 merfolk avatars
  3 merfolk aquamancers
  22 anacondas
  37 dancing weapons
  2 deep troll shamans (Depths:2)
  2 ogre magi (Orc:2)
  3 spriggan air magi
  7 death yaks
  A death knight (Abyss:2)
  3 deep troll earth magi
  7 naga warriors
  An alligator (Lair:4)
  10 centaur warriors
  8 tengu warriors
  4 vampire magi
  14 thrashing horrors
  An orc high priest (D:9)
  5 shock serpents
  6 spriggan berserkers
  9 hell knights
  7 wretched stars
  Nergalle (D:12)
  18 deep elf knights
  4 spriggans (Depths:4)
  7 naga sharpshooters
  A sun demon (Depths:1)
  A soul eater (Abyss:3)
  4 spatial maelstroms
  4 sixfirhies
  A skeletal warrior (Vaults:3)
  4 skysharks
  A salamander mystic (Snake:3)
  54 deep trolls
  2 flayed ghosts (Depths:2)
  A death drake (Abyss:3)
  8 naga ritualists
  A swamp dragon (Lair:5)
  2 phantasmal warriors
  10 sea snakes
  6 glowing orange brains
  7 lindwurms
  9 deep elf archers
  14 ironbound convokers
  26 harpies
  33 starcursed masses
  9 wizards
  An orc knight (Vaults:2)
  An orange crystal statue (D:15)
  5 necromancers
  Pikel (D:8)
  28 deep elf pyromancers
  7 orc sorcerers
  17 fauns
  21 cyclopes
  15 salamanders
  27 deep elf zephyrmancers
  20 manticores
  A wolf spider (Lair:5)
  A will-o-the-wisp (Abyss:3)
  20 moths of wrath
  8 mana vipers
  A human skeleton (Vaults:2)
  10 elephants
  39 ugly things
  46 black mambas
  5 merfolk sirens
  7 guardian serpents
  5 worldbinders
  An apocalypse crab (Abyss:2)
  2 guardian serpents (shapeshifter)
  A rust devil (Abyss:1)
  2 demonic crawlers (Abyss:3)
  14 vault sentinels
  6 gargoyles
  20 naga magi
  3 orange demons (Abyss:2)
  6 water nymphs
  15 cane toads
  10 smoke demons
  4 torpor snails
  A dire elephant skeleton (Abyss:1)
  2 hellions
  2 ice devils
  An anaconda simulacrum (Abyss:2)
  11 komodo dragons
  11 rime drakes
  4 efreet
  5 freezing wraiths
  3 tengu conjurers
  13 yaktaurs
  2 harpy zombies (Abyss:2)
  A meliai (shapeshifter) (D:13)
  26 merfolk
  A queen bee (Lair:2)
  14 trolls
  A red devil (Abyss:2)
  6 wind drakes
  17 ancient zymes
  A hellwing (Abyss:3)
  2 polar bears (Lair:5)
  A tarantella (shapeshifter) (Abyss:2)
  8 hornets
  5 snapping turtles
  16 raiju
  A sphinx simulacrum (Vaults:2)
  A raiju (shapeshifter) (Abyss:2)
  29 slime creatures
  9 dream sheep
  14 blink frogs
  25 large abominations
  2 shadows
  5 vampires
  A slime creature (shapeshifter) (D:13)
  16 air elementals
  2 centaur simulacra
  6 ynoxinuls
  6 wraiths
  14 wyverns
  35 water elementals
  18 yaks
  4 fire elementals
  3 fire bats (Orc:1)
  2 golden eyes (shapeshifter)
  8 basilisks
  2 golden eyes (Abyss:2)
  A redback (shapeshifter) (Depths:2)
  4 chaos spawn
  8 neqoxecs
  9 steam dragons
  5 redbacks
  9 vampire mosquitoes
  A warg (shapeshifter) (Elf:1)
  4 spatial vortices (Abyss:3)
  Menkaure (D:4)
  3 wargs
  29 nagas
  A glowing shapeshifter zombie (Vaults:2)
  27 water moccasins
  2 acid dragons
  2 hell hounds (Elf:2)
  A naga skeleton (Abyss:2)
  17 orc warriors
  An ice beast (D:7)
  5 sky beasts
  A black bear (Lair:4)
  25 ogres
  12 wolves
  7 centaurs
  2 lemures (D:8)
  2 kobold brigands
  An elf zombie (Ossuary)
  6 bullfrogs
  2 gnoll sergeants
  4 earth elementals
  2 scorpions (D:5)
  2 wights (Abyss:3)
  26 small abominations
  34 killer bees
  7 howler monkeys
  2 vampire bats (D:8)
  An electric eel (Lair:4)
  2 centaur zombies
  2 human zombies
  4 quasits
  Crazy Yiuf (D:2)
  16 orc priests
  6 jellies
  A gnoll bouda (D:5)
  2 hounds
  4 iron imps
  9 iguanas
  2 sleepcaps
  16 orc wizards
  A hell rat (Lair:4)
  2 mummies (Ossuary)
  Robin (D:4)
  25 gnolls
  7 adders
  2 river rats (Lair:2)
  A shadow imp (D:7)
  2 white imps
  5 ufetubi
  A worm (D:2)
  2 dart slugs
  81 orcs
  2 bat skeletons (D:8)
  3 bat zombies (D:8)
  2 endoplasms
  2 giant cockroaches
  12 goblins
  7 hobgoblins
  3 jackals
  A quokka (D:3)
  6 ball pythons
  4 bats
  2 frilled lizards
  3 gnoll zombies (Ossuary)
  3 goblin zombies (Ossuary)
  3 hobgoblin zombies (Ossuary)
  11 kobolds
  A kobold (shapeshifter) (Depths:2)
  2 orc zombies (Ossuary)
  5 rats
  4 lurking horrors (Abyss:2)
  10 starspawn tentacles
2199 creatures vanquished.

Vanquished Creatures (collateral kills)
  The ghost of baljet the Executioner, an adept MiFi of Okawaru (Snake:4)
  2 tentacled starspawn (Abyss:3)
  A war gargoyle (Depths:1)
  An eidolon (Abyss:3)
  A merfolk impaler (Shoals:1)
  A yaktaur captain (Vaults:1)
  2 anacondas
  A death yak (Lair:4)
  A thrashing horror (Abyss:3)
  4 hell knights (Abyss:3)
  A large abomination (Abyss:3)
  A wizard (Vaults:4)
  2 manticores
  A cyclops (Shoals:3)
  A naga mage (Snake:4)
  A water nymph (Shoals:4)
  A cane toad (Lair:4)
  A freezing wraith (Abyss:3)
  5 starcursed masses (Abyss:3)
  A merfolk (Shoals:3)
  3 dream sheep
  2 raiju (Abyss:3)
  A neqoxec (Abyss:3)
  A naga (Snake:4)
  3 starspawn tentacles (Abyss:3)
40 creatures vanquished.

Vanquished Creatures (others)
  An electric golem (Zot:2)
  A death cob (Zot:3)
  A draconian stormcaller (Zot:3)
  A very ugly thing (Depths:4)
  A green draconian (Zot:1)
  A deep elf knight (Elf:2)
  A deep elf archer (Elf:2)
  3 deep elf pyromancers
  2 deep elf zephyrmancers
  A raiju (Abyss:3)
  A large abomination (Abyss:3)
  An ogre (shapeshifter) (Abyss:3)
  A small abomination (Abyss:3)
  A bush (Lair:4)
  40 fungi
  2 lurking horrors (Abyss:3)
  129 plants
  36 starspawn tentacles
224 creatures vanquished.

Grand Total: 2463 creatures vanquished

Notes
Turn   | Place    | Note
-------+----------+-------------------------------------------
     0 | D:1      | Arzdou the Minotaur Berserker began the quest for the Orb.
     0 | D:1      | Reached XP level 1. HP: 19/19 MP: 0/0
   242 | D:1      | Reached XP level 2. HP: 17/27 MP: 1/1
   899 | D:2      | Found a glowing silver altar of Zin.
   943 | D:2      | Reached XP level 3. HP: 9/33 MP: 2/2
  1202 | D:2      | Reached skill level 5 in Axes
  1202 | D:2      | Reached XP level 4. HP: 35/40 MP: 3/3
  1431 | D:2      | Found a faded altar of an unknown god.
  1955 | D:2      | Found a runed translucent door.
  1956 | D:2      | Noticed Crazy Yiuf
  2118 | D:2      | Killed Crazy Yiuf
  2272 | D:3      | Reached XP level 5. HP: 41/47 MP: 4/4
  2642 | D:3      | Reached skill level 1 in Stealth
  2687 | D:3      | Reached ** piety under Trog
  3208 | D:4      | Noticed Menkaure
  3222 | D:4      | Killed Menkaure
  3223 | D:4      | Reached XP level 6. HP: 44/55 MP: 5/5
  3404 | D:4      | Found a staircase to the Ecumenical Temple.
  3476 | D:4      | Found a burning altar of Makhleb.
  3534 | D:4      | Reached skill level 5 in Fighting
  3603 | D:4      | Found Baetihing's Jewellery Boutique.
  3626 | D:4      | Noticed Robin
  3644 | D:4      | Killed Robin
  3793 | D:5      | Entered Level 5 of the Dungeon
  3800 | D:5      | Noticed a sky beast
  3814 | D:5      | Killed a sky beast
  3815 | D:5      | Reached XP level 7. HP: 61/61 MP: 6/6
  4036 | D:5      | Found Joizom's Jewellery Shoppe.
  4106 | D:5      | Reached skill level 5 in Armour
  4285 | D:5      | Reached *** piety under Trog
  4918 | D:6      | Reached XP level 8. HP: 70/70 MP: 7/7
  5176 | D:6      | Reached skill level 10 in Axes
  5345 | D:6      | Found a stormy altar of Qazlal.
  5990 | D:7      | Reached XP level 9. HP: 78/78 MP: 8/8
  6007 | D:7      | Found a shadowy altar of Dithmenos.
  6386 | D:7      | Identified the +0 kite shield of Love and Death {rC- Dex+2
                  | SInv}
  6956 | D:8      | Identified the +4 leather armour of the Old World {Harm}
  7166 | D:8      | Found a sand-covered staircase.
  7174 | Ossuary  | Entered an ossuary
  7244 | Ossuary  | Reached **** piety under Trog
  7422 | D:8      | Found a blossoming altar of Fedhas.
  7650 | D:8      | Noticed Pikel
  7669 | D:8      | Killed Pikel
  7721 | D:8      | Found a hide-covered altar of Uskayaw.
  7755 | D:8      | Found an ancient bone altar of Kikubaaqudgha.
  8003 | D:8      | Reached XP level 10. HP: 61/88 MP: 9/9
  8331 | D:9      | Found a staircase to the Lair.
  8387 | D:9      | Found Xinabiz's Antique Weapon Emporium.
  9053 | D:9      | Found a staircase to the Orcish Mines.
  9138 | D:10     | Entered Level 10 of the Dungeon
  9235 | D:10     | Noticed a deep elf pyromancer
  9243 | D:10     | Killed a deep elf pyromancer
  9244 | D:10     | Reached skill level 15 in Axes
  9358 | D:10     | Noticed a centaur warrior
  9365 | D:10     | Killed a centaur warrior
  9585 | D:10     | Reached ***** piety under Trog
  9789 | D:10     | Received a gift from Trog
  9920 | D:10     | Noticed a vault sentinel
  9920 | D:10     | Noticed a vault sentinel
  9968 | D:10     | Killed a vault sentinel
  9973 | D:10     | Killed a vault sentinel
 10044 | D:10     | Found the +18 shield of the Gong {Loud rN+ Will+ rCorr
                  | EV-5}
 10146 | D:11     | Reached skill level 10 in Armour
 10146 | D:11     | Reached XP level 11. HP: 82/95 MP: 10/10
 10201 | D:11     | Reached skill level 1 in Shields
 10694 | D:11     | Noticed a boulder beetle
 10708 | D:11     | Killed a boulder beetle
 11392 | D:12     | Noticed a deep elf pyromancer
 11408 | D:12     | Killed a deep elf pyromancer
 11445 | D:12     | Noticed Nergalle
 11458 | D:12     | Killed Nergalle
 11571 | D:12     | Reached skill level 5 in Shields
 11595 | D:12     | Noticed a purple ugly thing
 11806 | D:12     | Killed a purple ugly thing
 12460 | Lair:1   | Entered Level 1 of the Lair of Beasts
 12545 | D:9      | Reached skill level 1 in Evocations
 12545 | D:9      | Reached XP level 12. HP: 38/106 MP: 11/11
 12764 | D:9      | Reached skill level 10 in Fighting
 13998 | Lair:2   | Reached skill level 10 in Shields
 14034 | Lair:2   | Noticed Fannar
 14107 | Lair:2   | Killed Fannar
 14837 | Lair:2   | Found a staircase to the Shoals.
 15435 | Lair:2   | Reached XP level 13. HP: 116/116 MP: 12/12
 15437 | Lair:2   | Received a gift from Trog
 15706 | Lair:3   | Found a staircase to the Snake Pit.
 16672 | Lair:3   | Found a staircase to the Snake Pit.
 18401 | Lair:4   | Noticed a dire elephant
 18419 | Lair:4   | Killed a dire elephant
 18707 | Lair:5   | Entered Level 5 of the Lair of Beasts
 18853 | Lair:5   | Reached XP level 14. HP: 85/127 MP: 13/13
 19210 | Lair:5   | Reached skill level 5 in Evocations
 20315 | Lair:5   | Found a staircase to the Slime Pits.
 20337 | Lair:5   | Reached skill level 15 in Shields
 20341 | Lair:5   | Reached skill level 1 in Maces & Flails
 20345 | Lair:5   | Received a gift from Trog
 20386 | Lair:5   | Found a viscous altar of Jiyva.
 21914 | Orc:1    | Entered Level 1 of the Orcish Mines
 22144 | Orc:2    | Entered Level 2 of the Orcish Mines
 22181 | Orc:2    | Found a staircase to the Elven Halls.
 22266 | Orc:1    | Found Xeag's Antique Weapon Shoppe.
 22267 | Orc:1    | Noticed an orc warlord
 22466 | Orc:2    | Killed an orc warlord
 23426 | Orc:2    | Reached XP level 15. HP: 120/139 MP: 4/14
 23454 | Orc:1    | Received a gift from Trog
 23922 | Orc:2    | Found Fuitt's General Store.
 23935 | Orc:2    | Found Wekhlajat's Magic Scroll Shop.
 23950 | Orc:2    | Found Hurujor's Armour Shoppe.
 23951 | Orc:2    | Found Nawoziat's Armour Emporium.
 24004 | Orc:2    | Bought a +1 hat for 176 gold pieces
 24227 | Shoals:1 | Entered Level 1 of the Shoals
 24705 | D:13     | Identified the +3 quarterstaff "Tattletale" {venom, rCorr}
 24769 | D:13     | Noticed a sphinx
 24770 | D:13     | Reached skill level 15 in Fighting
 24779 | D:13     | Killed a sphinx
 24982 | D:13     | Noticed a fire giant
 25015 | D:13     | Killed a fire giant
 25685 | D:13     | Identified the ring of Pessimism {rPois rN+}
 25757 | D:13     | Identified the +12 hand axe of Laceration {heavy, Str+3
                  | Dex+4} (Trog gifted it to you on level 13 of the Dungeon)
 25757 | D:13     | Received a gift from Trog
 26375 | D:14     | Found a gate to the Vaults.
 26940 | D:15     | Entered Level 15 of the Dungeon
 27247 | D:15     | Found the +8 frozen axe "Frostbite" {freeze, freezing
                  | cloud, *Noise Fly rC+}
 27607 | D:15     | Reached XP level 16. HP: 151/151 MP: 15/15
 27776 | D:15     | Found a staircase to the Depths.
 28256 | Orc:2    | Bought a scroll of identify for 28 gold pieces
 28256 | Orc:2    | Bought a scroll of identify for 28 gold pieces
 28262 | Orc:2    | Identified 5 scrolls of acquirement
 28262 | Orc:2    | Acquired a manual of Evocations
 28263 | Orc:2    | Acquired the +2 pair of boots "Idwol" {rPois Str+5}
 28264 | Orc:2    | Acquired the +4 kite shield of Urrisiy {Str-3 Int+6}
 28265 | Orc:2    | Acquired the amulet "Ymosyqoum" {Contam Regen+ Str+3 SInv}
 28266 | Orc:2    | Acquired a manual of Axes
 28411 | D:5      | Bought the ring "Cyczeidoha" {rF++ rN+ Slay+2} for 529 gold
                  | pieces
 28553 | Snake:1  | Entered Level 1 of the Snake Pit
 28619 | Snake:1  | Received a gift from Trog
 29292 | Snake:1  | Found Umuacokk's Magic Scroll Shoppe.
 29294 | Snake:1  | Found Qoenasm's Distillery.
 29296 | Snake:1  | Found Pacufarea's Assorted Antiques.
 29302 | Snake:1  | Bought a potion of might for 72 gold pieces
 29302 | Snake:1  | Bought a potion of curing for 54 gold pieces
 29302 | Snake:1  | Bought a potion of haste for 180 gold pieces
 29302 | Snake:1  | Bought a potion of resistance for 180 gold pieces
 29302 | Snake:1  | Bought a potion of curing for 54 gold pieces
 29853 | Snake:2  | Noticed Aizul
 29865 | Snake:2  | Killed Aizul
 31286 | Snake:3  | Received a gift from Trog
 31649 | Snake:3  | Found Siukky's Book Shop.
 31651 | Snake:3  | Found Yfif's Jewellery Shoppe.
 31652 | Snake:3  | Found Leath's Book Shop.
 32039 | Shoals:1 | Reached XP level 17. HP: 85/161 MP: 16/16
 32123 | Shoals:1 | You fall into a shaft and drop 1 floor!
 32194 | Shoals:2 | Found Nom Conumu's Jewellery Shop.
 32899 | Shoals:2 | Found Qacozadd's Book Emporium.
 33102 | Shoals:2 | Found Qaesobar's Jewellery Boutique.
 33186 | Shoals:2 | Received a gift from Trog
 33457 | Shoals:3 | Reached skill level 10 in Evocations
 33861 | Shoals:3 | Identified the +1 helmet of Mezcal {Dex+4}
 34004 | Shoals:3 | Noticed Roxanne
 34021 | Shoals:3 | Killed Roxanne
 34441 | Snake:4  | Entered Level 4 of the Snake Pit
 35987 | Snake:4  | Found a runed translucent gate.
 35987 | Snake:4  | Found a runed translucent gate.
 35987 | Snake:4  | Noticed Dyetwah's ghost (journeyman FeSu)
 35988 | Snake:4  | Found a runed translucent gate.
 35988 | Snake:4  | Noticed baljet's ghost (adept MiFi)
 36252 | Snake:4  | Received a gift from Trog
 36291 | Snake:4  | HP: 6/163 [nagaraja/bolt of poison (11)]
 36327 | Snake:4  | HP: 7/244 [nagaraja/poison arrow (20)]
 36329 | Snake:4  | HP: 2/163 [poisoned by a nagaraja (poison arrow)]
 36653 | Snake:4  | Reached XP level 18. HP: 154/171 MP: 17/17
 36857 | Snake:4  | Got a serpentine rune of Zot
 37165 | Snake:4  | Killed baljet's ghost
 37167 | Snake:4  | Killed Dyetwah's ghost
 37188 | Snake:4  | Identified the +1 cloak "Zopsa" {rF+ rC- rCorr}
 37448 | Shoals:4 | Entered Level 4 of the Shoals
 37480 | Shoals:4 | Paralysed by an air elemental for 1 turns
 37483 | Shoals:4 | Paralysed by an air elemental for 1 turns
 37664 | Shoals:4 | Paralysed by an air elemental for 1 turns
 37668 | Shoals:4 | Paralysed by an air elemental for 1 turns
 37952 | Shoals:4 | Reached skill level 15 in Armour
 37959 | Shoals:4 | Paralysed by an air elemental for 1 turns
 37963 | Shoals:4 | Paralysed by an air elemental for 1 turns
 37966 | Shoals:4 | Paralysed by an air elemental for 1 turns
 37968 | Shoals:4 | Paralysed by an air elemental for 1 turns
 38004 | Shoals:4 | Identified the +1 scale mail of Ru {Harm rPois rCorr Int-5}
 38395 | Shoals:4 | Paralysed by an air elemental for 1 turns
 38465 | Shoals:4 | Paralysed by an air elemental for 1 turns
 38468 | Shoals:4 | Paralysed by an air elemental for 1 turns
 38475 | Shoals:4 | Paralysed by an air elemental for 1 turns
 38477 | Shoals:4 | Paralysed by an air elemental for 1 turns
 38938 | Shoals:4 | Paralysed by an air elemental for 1 turns
 39260 | Shoals:4 | Identified the +0 cloak of Galiorur {rElec rF+ Str-3 Dex+5}
 39356 | Shoals:4 | Got a barnacled rune of Zot
 39361 | Shoals:4 | Identified the +1 pair of gloves of Distant Shores {Int+2
                  | Slay+3}
 39976 | Vaults:1 | Entered Level 1 of the Vaults
 40128 | Vaults:1 | Found Xotarru's Assorted Antiques.
 40137 | Vaults:1 | Bought a scroll labelled FALIUL ZEODD for 33 gold pieces
 40137 | Vaults:1 | Bought a scroll labelled UCHUNOPL DEEG for 33 gold pieces
 40137 | Vaults:1 | Bought a scroll of summoning for 313 gold pieces
 40708 | Vaults:1 | Noticed Asterion
 40717 | Vaults:1 | Gained mutation: You are clumsy. (Dex -2) [a cacodemon]
 40726 | Vaults:1 | Killed Asterion
 40861 | Vaults:1 | Identified the ring "Juontocw" {+Blink rPois rN+ Dex+3}
 40926 | Vaults:1 | Reached XP level 19. HP: 172/182 MP: 18/18
 41040 | Vaults:1 | Identified the +7 demon trident of the Feather {flame, rC+
                  | Dex+5} (Trog gifted it to you on level 1 of the Vaults)
 41040 | Vaults:1 | Received a gift from Trog
 41294 | Vaults:1 | Found Diss's Jewellery Shoppe.
 41433 | Vaults:1 | Found Maefili's Distillery.
 41441 | Vaults:1 | Bought a potion of haste for 170 gold pieces
 41555 | Vaults:1 | Found Rammagoy's Magic Scroll Shoppe.
 41563 | Vaults:1 | Bought a scroll of enchant weapon for 157 gold pieces
 41563 | Vaults:1 | Bought a scroll of teleportation for 63 gold pieces
 41563 | Vaults:1 | Bought a scroll of teleportation for 63 gold pieces
 41842 | Vaults:2 | Reached ****** piety under Trog
 41873 | Vaults:2 | Found Poamik's Antique Weapon Emporium.
 41923 | Vaults:2 | Identified the +2 flail of Reason {vamp, Stlth+}
 41990 | Vaults:2 | Received a gift from Trog
 42011 | Vaults:2 | Found Famont's Jewellery Emporium.
 43092 | D:4      | Bought the amulet of the Four Winds {rN+ Will+++ Clar} for
                  | 789 gold pieces
 43092 | D:4      | Found the amulet of the Four Winds {rN+ Will+++ Clar}
 43628 | Vaults:3 | Found a runed translucent gate.
 43628 | Vaults:3 | Found a runed translucent gate.
 43628 | Vaults:3 | Found a runed translucent gate.
 43628 | Vaults:3 | Noticed MrClown's ghost (adept DsNe)
 44178 | Vaults:3 | Received a gift from Trog
 44187 | Vaults:3 | Noticed Saint Roka
 44204 | Vaults:3 | Killed Saint Roka
 44688 | Vaults:3 | Reached XP level 20. HP: 195/195 MP: 19/19
 44750 | Vaults:3 | Found a staircase to the Crypt.
 45355 | Vaults:4 | Received a gift from Trog
 45592 | Vaults:4 | Found Gubbei's General Store.
 45635 | Vaults:4 | Noticed Donald
 45640 | Vaults:4 | Killed Donald
 45687 | Vaults:4 | Noticed an ancient lich
 45699 | Vaults:4 | Killed an ancient lich
 46190 | Vaults:4 | Received a gift from Trog
 46921 | Elf:1    | Entered Level 1 of the Elven Halls
 46925 | Elf:1    | Paralysed by an air elemental for 1 turns
 47455 | Elf:1    | Received a gift from Trog
 47878 | Elf:1    | Found a runed translucent door.
 48225 | Elf:1    | Reached XP level 21. HP: 203/209 MP: 20/20
 48372 | Elf:1    | Noticed morax's ghost (adept TrBe)
 48387 | Elf:1    | Killed morax's ghost
 48633 | Elf:2    | Found Lancelot's Dragon-Slaying Spoils.
 48640 | Elf:2    | Bought +0 gold dragon scales for 1440 gold pieces
 49121 | Orc:2    | Bought a scroll of enchant armour for 105 gold pieces
 49121 | Orc:2    | Bought a scroll of enchant armour for 105 gold pieces
 49637 | Elf:2    | Found Kurel's Antique Armour Shop.
 49952 | Elf:2    | Noticed Nikola
 49960 | Elf:2    | Killed Nikola
 50195 | Elf:2    | Reached XP level 22. HP: 220/220 MP: 21/21
 50235 | Elf:2    | Found a runed translucent gate.
 50235 | Elf:2    | Found a runed translucent gate.
 50235 | Elf:2    | Found a runed translucent gate.
 50347 | Elf:2    | Noticed Jorgrun
 50378 | Elf:2    | Killed Jorgrun
 50415 | Elf:2    | Noticed Azrael
 50423 | Elf:2    | Killed Azrael
 50424 | Elf:2    | Received a gift from Trog
 50854 | Elf:3    | Entered Level 3 of the Elven Halls
 52288 | Elf:3    | Identified the ring of Mutualism {rC+ Int+3 SInv}
 52417 | Elf:3    | Identified the staff of cold "Mutyv" {rElec rPois rC+ Str+2
                  | Int+2}
 52519 | Elf:3    | Identified the +11 whip of the Shoals {venom, Fragile rPois
                  | Str+3 Int+3}
 52735 | Elf:3    | Identified the staff of death "Cemul" {rElec rC- rN+ rCorr}
 52765 | Elf:3    | Identified the +4 trident of Duty {drain, Str-5 Dex+7}
 52770 | Elf:3    | Found the +9 sword of Power {lifebolt}
 52777 | Elf:3    | Identified the +0 chain mail of the Eternal Void {rPois
                  | rN+++ Int+3 Slay-5 Stlth-}
 52782 | Elf:3    | Identified the staff of death "Fyxaqass" {*Slow rC+ rN+
                  | Dex+10}
 52803 | Elf:3    | Identified the +10 plate armour "Seub" {rN++}
 52873 | Elf:3    | Identified the staff of earth "Joetemp" {rPois rCorr
                  | Stlth+}
 53254 | Depths:1 | Entered Level 1 of the Depths
 53523 | Depths:1 | Found a one-way gate leading to the halls of Pandemonium.
 53597 | Depths:1 | Found a sparkling altar of Nemelex Xobeh.
 53726 | Depths:1 | Received a gift from Trog
 53944 | Depths:1 | Found a gateway to Hell.
 53951 | Depths:1 | Identified the +8 chain mail of Zudwux {Int+6 SInv}
 54128 | Depths:1 | Paralysed by an air elemental for 1 turns
 54399 | Depths:1 | Noticed Boris
 54412 | Depths:1 | Killed Boris
 54413 | Depths:1 | Reached XP level 23. HP: 229/229 MP: 22/22
 54429 | Depths:1 | Identified the staff of conjuration "Wumatoel" {+Blink
                  | rC+++ Str-2 Dex-4}
 54733 | Depths:2 | Noticed Louise
 54750 | Depths:2 | Killed Louise
 54810 | Depths:2 | Found a one-way gate to the infinite horrors of the Abyss.
 54835 | Depths:2 | Found a one-way gateway to a ziggurat.
 54923 | Depths:2 | Found Tuimna's Magic Scroll Boutique.
 54923 | Depths:2 | Found Xujauc's Distillery.
 54925 | Depths:2 | Found Oduam Rull's Assorted Antiques.
 54929 | Depths:2 | Found Obiga's General Store.
 55021 | Depths:2 | Noticed a caustic shrike
 55028 | Depths:2 | Killed a caustic shrike
 55034 | Depths:2 | Noticed a juggernaut
 55045 | Depths:2 | Killed a juggernaut
 55309 | Depths:2 | Noticed a caustic shrike
 55453 | Depths:2 | Identified the ring "Addon" {Ice *Slow rPois Will+ Str+3}
 55461 | Depths:2 | Identified the +3 broad axe "Omelette" {antimagic, rF+
                  | Str+2} (Trog gifted it to you on level 2 of the Depths)
 55461 | Depths:2 | Received a gift from Trog
 55537 | Depths:2 | Identified the +0 robe "Fuacorir" {Will+ rCorr Dex-2
                  | Stlth+}
 55569 | Depths:2 | Identified the +0 glaive "Spiderslayer" {heavy, rElec rN+}
 55572 | Depths:2 | Identified the staff of poison "Heantith" {rPois Dex+3}
 55649 | Depths:2 | Killed a caustic shrike
 55803 | Depths:2 | Reached skill level 27 in Shields
 56264 | Depths:3 | Noticed Boris
 56293 | Depths:3 | Killed Boris
 56632 | Depths:3 | Found Cugat's CLEARANCE SALE!.
 56922 | Depths:3 | Noticed Vv
 56946 | Depths:3 | Killed Vv
 57082 | Depths:3 | Found a portal to a secret trove of treasure.
 57399 | Depths:4 | Entered Level 4 of the Depths
 57458 | Depths:4 | Acquired 1168 gold pieces
 57577 | Depths:2 | Bought a scroll of fear for 56 gold pieces
 57577 | Depths:2 | Bought a scroll of silence for 133 gold pieces
 57577 | Depths:2 | Bought 3 scrolls of acquirement for 2184 gold pieces
 57580 | Depths:2 | Bought a scroll of fear for 80 gold pieces
 57580 | Depths:2 | Bought a scroll of blinking for 150 gold pieces
 57583 | Depths:2 | Bought a potion of haste for 150 gold pieces
 57583 | Depths:2 | Bought a potion of heal wounds for 75 gold pieces
 57583 | Depths:2 | Bought a potion of heal wounds for 75 gold pieces
 57583 | Depths:2 | Bought a potion of curing for 45 gold pieces
 57583 | Depths:2 | Bought a potion of curing for 45 gold pieces
 57589 | Depths:2 | Acquired the ring "Meir" {Fire Fly Will+ SInv Stlth+}
 57590 | Depths:2 | Acquired 606 gold pieces
 57591 | Depths:2 | Acquired 1078 gold pieces
 58026 | Depths:4 | Received a gift from Trog
 58039 | Depths:4 | Reached skill level 27 in Axes
 58899 | Depths:4 | Found a gate to the Realm of Zot.
 59335 | Depths:3 | Bought a scroll of blinking for 22 gold pieces
 59669 | Snake:1  | Bought a phial of floods for 1280 gold pieces
 59975 | Depths:2 | Upgraded the game from 0.30-a0-1103-g25895a7845 to
                  | 0.30-a0-1112-gfb780f5df6
 60239 | Vaults:3 | Reached XP level 24. HP: 244/244 MP: 22/22
 60243 | Vaults:3 | Killed MrClown's ghost
 60519 | Orc:2    | Bought a potion of resistance for 150 gold pieces
 60519 | Orc:2    | Bought a potion of heal wounds for 75 gold pieces
 60822 | Depths:2 | Voluntarily entered the Abyss.
 60930 | Abyss:1  | Reached skill level 1 in Ranged Weapons
 61164 | Abyss:1  | Received a gift from Trog
 61474 | Abyss:2  | Gained mutation: You are dopey. (Int -2) [a neqoxec]
 61478 | Abyss:2  | Gained mutation: You are weak. (Str -2) [a neqoxec]
 61831 | Abyss:2  | Found a corrupted altar of Lugonu.
 61843 | Abyss:2  | Found a corrupted altar of Lugonu.
 62433 | Abyss:2  | Received a gift from Trog
 63419 | Abyss:3  | Gained mutation: You are very clumsy. (Dex -4) [a neqoxec]
 63457 | Abyss:3  | Received a gift from Trog
 63474 | Abyss:3  | Reached skill level 27 in Fighting
 63479 | Abyss:3  | Reached skill level 1 in Throwing
 63500 | Abyss:3  | Paralysed by accursed screaming for 1 turns
 63507 | Abyss:3  | Paralysed by accursed screaming for 1 turns
 63548 | Abyss:3  | Gained mutation: Your body sometimes deteriorates upon
                  | taking damage. [a neqoxec]
 63551 | Abyss:3  | Gained mutation: You occasionally lose the ability to drink
                  | potions when taking damage. [a neqoxec]
 63565 | Abyss:3  | Gained mutation: You are very dopey. (Int -4) [a neqoxec]
 63569 | Abyss:3  | Noticed a dread lich
 63587 | Abyss:3  | Killed a dread lich
 63596 | Abyss:3  | Reached skill level 5 in Ranged Weapons
 63627 | Abyss:3  | Received a gift from Trog
 63718 | Abyss:3  | Found a corrupted altar of Lugonu.
 64174 | Abyss:3  | Found a corrupted altar of Lugonu.
 64190 | Abyss:3  | Got an abyssal rune of Zot
 64511 | Depths:2 | Escaped the Abyss
 64512 | Depths:2 | Lost mutation: You are very dopey. (Int -4) [potion of
                  | mutation]
 64512 | Depths:2 | Lost mutation: You are dopey. (Int -2) [potion of mutation]
 64512 | Depths:2 | Lost mutation: You occasionally lose the ability to drink
                  | potions when taking damage. [potion of mutation]
 64512 | Depths:2 | Gained mutation: Your spells are much easier to cast, but
                  | much less powerful. [potion of mutation]
 64512 | Depths:2 | Lost mutation: You are weak. (Str -2) [potion of mutation]
 64513 | Depths:2 | Lost mutation: Your body sometimes deteriorates upon taking
                  | damage. [potion of mutation]
 64513 | Depths:2 | Lost mutation: You are very clumsy. (Dex -4) [potion of
                  | mutation]
 64513 | Depths:2 | Lost mutation: You are clumsy. (Dex -2) [potion of
                  | mutation]
 64513 | Depths:2 | Gained mutation: Potions are less effective at restoring
                  | your health. [potion of mutation]
 64513 | Depths:2 | Gained mutation: You expend magic power (3 MP) to
                  | strengthen your wands. [potion of mutation]
 64655 | Zot:1    | Entered Level 1 of the Realm of Zot
 64799 | Zot:1    | Reached XP level 25. HP: 224/257 MP: 22/22
 65707 | Zot:2    | Noticed an orb of fire
 65708 | Zot:2    | Gained mutation: You are weak. (Str -2) [an orb of fire]
 65721 | Zot:2    | Killed an orb of fire
 67307 | Zot:1    | Found a runed translucent door.
 67307 | Zot:1    | Noticed Rarotz's ghost (legendary DjCj)
 67308 | Zot:1    | Found a shimmering altar of Xom.
 68551 | Zot:3    | Identified the +9 double sword of Happiq {freeze, rPois
                  | Str+3 Int+3}
 68551 | Zot:3    | Identified the +11 double sword of Unpleasantness {speed,
                  | rPois rC- Str+4 Int+3}
 68564 | Zot:3    | Received a gift from Trog
 69563 | Zot:5    | Entered Level 5 of the Realm of Zot
 69811 | Zot:3    | Reached XP level 26. HP: 212/265 MP: 22/22
 71317 | Zot:5    | Noticed a dread lich
 71335 | Zot:5    | Killed a dread lich
 71457 | Zot:5    | Noticed a dread lich
 71460 | Zot:5    | Noticed an orb of fire
 71464 | Zot:5    | Gained mutation: You are agile. (Dex +4, Str/Int -1) [an
                  | orb of fire]
 71487 | Zot:5    | Killed a dread lich
 71507 | Zot:5    | Killed an orb of fire
 71663 | Zot:5    | Lost mutation: Potions are less effective at restoring your
                  | health. [potion of mutation]
 71663 | Zot:5    | Lost mutation: Your spells are a little easier to cast, but
                  | a little less powerful. [potion of mutation]
 71663 | Zot:5    | Lost mutation: You are agile. (Dex +4, Str/Int -1) [potion
                  | of mutation]
 71663 | Zot:5    | Gained mutation: You are partially covered in large bone
                  | plates. (SH +4) [potion of mutation]
 71663 | Zot:5    | Gained mutation: You sometimes lose your temper in combat.
                  | [potion of mutation]
 71663 | Zot:5    | Gained mutation: You are frail. (-10% HP) [potion of
                  | mutation]
 71663 | Zot:5    | Gained mutation: You are partially covered in iridescent
                  | scales. (AC +2) [potion of mutation]
 71679 | Zot:5    | Lost mutation: You are partially covered in large bone
                  | plates. (SH +4) [potion of mutation]
 71679 | Zot:5    | Lost mutation: You are frail. (-10% HP) [potion of
                  | mutation]
 71679 | Zot:5    | Lost mutation: You expend magic power (3 MP) to strengthen
                  | your wands. [potion of mutation]
 71680 | Zot:5    | Lost mutation: You sometimes lose your temper in combat.
                  | [potion of mutation]
 71680 | Zot:5    | Lost mutation: You are partially covered in iridescent
                  | scales. (AC +2) [potion of mutation]
 71680 | Zot:5    | Gained mutation: You are strong-willed. (Will+) [potion of
                  | mutation]
 71680 | Zot:5    | Gained mutation: You are highly strong-willed. (Will++)
                  | [potion of mutation]
 71680 | Zot:5    | Gained mutation: You have hidden genetic potential. [potion
                  | of mutation]
 71805 | Zot:5    | a Killer Klown changed into a juggernaut
 71805 | Zot:5    | Noticed a juggernaut
 71811 | Zot:5    | Noticed an orb of fire
 71814 | Zot:5    | Killed a juggernaut
 71826 | Zot:5    | Killed an orb of fire
 72338 | Zot:5    | Reached skill level 27 in Armour
 72362 | Zot:5    | Reached skill level 10 in Ranged Weapons
 72402 | Zot:5    | Noticed an orb of fire
 72403 | Zot:5    | Noticed a dread lich
 72403 | Zot:5    | Noticed an orb of fire
 72408 | Zot:5    | Noticed an orb of fire
 72413 | Zot:5    | Noticed an orb of fire
 72414 | Zot:5    | Gained mutation: You are partially covered in iridescent
                  | scales. (AC +2) [an orb of fire]
 72418 | Zot:5    | Gained mutation: Your magical capacity is low. (-10% MP)
                  | [an orb of fire]
 72421 | Zot:5    | Gained mutation: Armour fits poorly on your strangely
                  | shaped body. [an orb of fire]
 72425 | Zot:5    | Gained mutation: You are frail. (-10% HP) [an orb of fire]
 72428 | Zot:5    | Noticed an ancient lich
 72429 | Zot:5    | Gained mutation: You are dopey. (Int -2) [an orb of fire]
 72430 | Zot:5    | Gained mutation: You are vulnerable to cold. (rC-) [an orb
                  | of fire]
 72431 | Zot:5    | Gained mutation: Your spells are a little easier to cast,
                  | but a little less powerful. [an orb of fire]
 72432 | Zot:5    | Noticed a dread lich
 72434 | Zot:5    | Reached skill level 15 in Evocations
 72434 | Zot:5    | Noticed a dread lich
 72434 | Zot:5    | Gained mutation: You occasionally shout uncontrollably at
                  | your foes. [an orb of fire]
 72436 | Zot:5    | Killed an orb of fire
 72437 | Zot:5    | Killed an orb of fire
 72798 | Zot:5    | Killed an orb of fire
 72898 | Zot:5    | Killed an ancient lich
 73014 | Zot:5    | Killed a dread lich
 73082 | Zot:5    | Gained mutation: You are very weak. (Str -4) [an orb of
                  | fire]
 73086 | Zot:5    | Lost mutation: You are very weak. (Str -4) [an orb of fire]
 73090 | Zot:5    | Gained mutation: You are very frail. (-20% HP) [an orb of
                  | fire]
 73096 | Zot:5    | Gained mutation: You are very vulnerable to cold. (rC--)
                  | [an orb of fire]
 73099 | Zot:5    | Killed an orb of fire
 73194 | Zot:5    | Killed a dread lich
 73195 | Zot:5    | Reached skill level 5 in Stealth
 73402 | Zot:5    | Killed a dread lich
 74304 | Zot:5    | Got the Orb of Zot
 74383 | Zot:5    | Gained mutation: You are occasionally teleported next to
                  | monsters. [a cacodemon]
 74683 | D:15     | Noticed Gougadug the pandemonium lord
 74789 | D:11     | Noticed Mieg the pandemonium lord
 74863 | D:8      | Noticed Boris
 74868 | D:8      | Killed Boris
 75026 | D:$      | Escaped with the Orb!

Illustrated notes

Levels and vault maps discovered:
D:1:      dpeg_arrival_short_road, layout_basic, serial_park_tiny_1
D:2:      layout_basic, basic_altar, serial_forest,
          infiniplex_forest_lined_room_, infiniplex_forest_straight_1,
          infiniplex_forest_lined_4_way, infiniplex_forest_corner_1,
          infiniplex_forest_straight_2, infiniplex_forest_lined_room_2,
          infiniplex_forest_clump_long, shapermc_ecumenical_altar_ellora,
          minmay_misc_feat_plants, uniq_crazy_yiuf_cottage
D:3:      layout_loops_corners
D:4:      layout_rooms, kennysheep_mini_moat, minmay_temple_entry_junction,
          serial_shops, shop, uniq_menkaure, uniq_robin
D:5:      layout_loops_ring, serial_shops, nicolae_shop_stone,
          columned_hall_lemuel, minmay_fractal_squares_5
D:6:      layout_basic, mainiacjoe_overflow_cross_hatched
D:7:      layout_loops_ring, nicolae_dithmenos_through_a_glass_darkly,
          hangedman_decor_diamond_cutter, grunt_ministairs_12
D:8:      layout_basic, kennysheep_vampire_church, nicolae_uskayaw_dance_hall,
          fedhas_altar_4, lightli_ossuary_entry_decrepit_ruins, uniq_pikel
D:9:      layout_cave_pools, dpeg_oklobed_lair, orc_0_dummy, serial_shops,
          nicolae_shop_overgrown_old_shop
D:10:     layout_roguey [special_room_orc], hellmonk_guarded_unrand_gong
D:11:     layout_irregular_city
D:12:     layout_loops_ring, uniq_nergalle
D:13:     minmay_complete_graph, layout_basic
D:14:     layout_rooms, erik_vaults_1, serial_glass, glass_columns_b,
          glass_columns_b
D:15:     grunt_enter_depths_snipers, layout_loops_cross, minivault_15
Lair:1:   layout_misc_corridors, grunt_megastairs_1
Lair:2:   regret_index_harrowing_hell_hive, layout_regular_city,
          elwin_shoals_entry_rooms, grunt_megastairs_5, lemuel_fruit_tree,
          uniq_fannar
Lair:3:   layout_regular_city, minmay_snake_entry_six_corridors
Lair:4:   layout_cave_pods, nicolae_lair_lakeside_cave
Lair:5:   hangedman_lair_tendril_chambers, layout_cave_pods,
          guppyfry_lair_end_dragon, nicolae_slime_entry_field_trip,
          minivault_26, lemuel_fruit_fields
Shoals:1: layout_shoals, nicolae_shoals_pincushion_passage
Shoals:2: layout_shoals, serial_shops, nicolae_shop_real_fake_doors, shop,
          nicolae_shop_statue_plus
Shoals:3: layout_shoals, nicolae_shoals_hunting_party, uniq_roxanne
Shoals:4: shoals_end_hellmonk_storm_palace [storm_palace_center_square,
          storm_palace_corner_blocked, storm_palace_corner_pillars,
          storm_palace_corner_pillars, storm_palace_corner_pillars]
Snake:1:  layout_layer_cave, minmay_shop_star, serial_bayou_shore_b
Snake:2:  layout_gridlike, uniq_aizul
Snake:3:  layout_onion, grunt_ministairs_1, minmay_shop_grove
Snake:4:  grunt_snake_rune_serpentine_throne, layout_layer_cave,
          gammafunk_ghost_cemetery
Orc:1:    layout_caves, nicolae_volcano_entry_batcave, serial_shops, shop
Orc:2:    st_orc_open, layout_caves
Elf:1:    nicolae_elf_arrival_aired_out, layout_loops_corners,
          gammafunk_ghost_grave, minivault_28,
          nicolae_concentric_dashed_squares_wild
Elf:2:    nicolae_elf_blades_splatter_lattice
          [nicolae_blade_entry_hurt_lockers], layout_loops_cross,
          nicolae_stop_n_shop_2, nicolae_shop_dragon_depot, uniq_nikola,
          uniq_jorgrun, uniq_azrael
Elf:3:    minmay_elf_hall_hex, layout_loops_cross
Vaults:1: vaults_mumra_chevron_long, v_misc_5, vaults_dpeg_encased_lava,
          nicolae_vaults_bisected_inception, v_misc_4, nicolae_vaults_network_s,
          nicolae_vaults_stairing_the_circle, hangedman_vaults_snaps,
          nicolae_vaults_asterisk, ontoclasm_vaults_pinch,
          hangedman_vaults_pinch, dpeg_vaults_hating_casters,
          grunt_vaults_diagonal, vaults_dpeg_emergency_exit,
          layout_vaults_omnibox, serial_shops, nicolae_shop_just_a_little_nook,
          shop_scrolls, shop, nicolae_shop_gaudy_bauble, uniq_asterion
Vaults:2: vaults_room_semicircle, grunt_vaults_twisty, vaults_dpeg_hooks,
          ontoclasm_vaults_ring_square, v_misc_26, hangedman_vaults_variations,
          ontoclasm_vaults_ring_small, v_alt_pattern_3,
          ontoclasm_vaults_misaligned, vaults_dpeg_diagonal,
          grunt_vaults_hallway_long, ontoclasm_vaults_hangar,
          nicolae_vaults_mini_display_case, layout_vaults_omnicross,
          serial_shops, shop, shop
Vaults:3: gammafunk_ghost_split, nicolae_vaults_gold_heap,
          minmay_crypt_entry_simple_statues, v_misc_1,
          nicolae_vaults_border_crossing, nicolae_vaults_sealed_display,
          v_pattern_5, nicolae_vaults_specimen_jars, hangedman_vaults_cutoff,
          hangedman_vaults_impose, ontoclasm_vaults_chip,
          ontoclasm_vaults_shuriken, v_misc_19, layout_vaults_omnigrid,
          uniq_saint_roka
Vaults:4: ontoclasm_vaults_shout, ontoclasm_vaults_fault,
          nicolae_vaults_rhombus_6, v_rooms_4, v_misc_26,
          nicolae_vaults_twisting_passages, nicolae_vaults_rhombus_6,
          ontoclasm_vaults_spin, vaults_room_grid, hangedman_vaults_maws,
          nicolae_vaults_shelves_hall, hangedman_vaults_trim,
          layout_vaults_ring, serial_glass, serial_shops,
          nicolae_shop_window_shopping, uniq_donald
Depths:1: constructs_gauntlet_mu_hangedman, layout_cave_pools,
          grunt_pan_entry_in_and_out, lightli_too_deep, minivault_14,
          st_stairs_6, nemelex_diamond_rough_becter
Depths:2: minmay_tile_spiral, layout_cave_shapes, enter_ziggurat_d,
          chequers_serial_rivers_room_a, hell_entry, rand_demon_pan_entry_7,
          nicolae_abyss_entry_one_way_or_another, kennysheep_inner_square,
          infiniplex_staircase_river, minmay_shoptagon
Depths:3: dreamdust_hydra_shepherd, layout_gridlike, serial_corexii_hall,
          corexii_hall_statues_x, corexii_hall_statues_l,
          corexii_hall_statues_l, corexii_hall_statues_l,
          corexii_hall_statues_l, chequers_hall_statues_y, abyss_entry,
          nicolae_trove_entry_crossroad, hangedman_coc_ice_floe,
          rand_demon_pan_entry_4, dk_noncrumbling_4, nicolae_shop_clearance,
          uniq_vv
Depths:4: grunt_zot_entry_bicorn, layout_honeycomb, minmay_misc_feat_enclosed,
          hell_entry
Zot:1:    layout_onion, ebering_ghost_xom, hangedman_zot_spectrum
Zot:2:    layout_gridlike, hangedman_zot_gyre
Zot:3:    layout_cathedral_of_symmetry, hangedman_zot_decor_unnerving_road,
          nicolae_rock_paper_scissors
Zot:4:    layout_concentric_octagons
Zot:5:    layout_cathedral_of_symmetry, grunt_megastairs_4

Skill      XL: |  1  2  3  4  5  6  7  8  9 10 11 12 13 14 15 16 17 18 19 20 21 22 23 24 25 26 |
---------------+-------------------------------------------------------------------------------+-----
Axes           | 4 5 6 7 9 11 13 15 17 18 19 20 21 24 25 26 27 | 27.0
Fighting       | 4 5 6 7 8 9 11 12 14 16 17 19 20 22 23 24 25 27 | 27.0
Armour         | 3 4 5 6 8 10 11 12 13 14 15 16 17 18 19 21 25 27 | 27.0
Stealth        | 1 2 3 4 5 |  5.2
Dodging        | 3 4 |  4.9
Shields        | 7 12 14 16 18 20 22 23 24 25 26 27 | 27.0
Evocations     | 1 3 4 6 7 9 10 11 13 14 15 | 15.9
Maces & Flails | 2 3 |  3.3
Ranged Weapons | 6 9 12 | 12.1
Throwing       | 1 |  1.1

Action                     |  1- 3 |  4- 6 |  7- 9 | 10-12 | 13-15 | 16-18 | 19-21 | 22-24 | 25-27 || total
---------------------------+-------+-------+-------+-------+-------+-------+-------+-------+-------++-------
  Melee: Hand axe          |    55 |   119 |   321 |   129 |   125 |   296 |       |       |       ||  1045
         Headbutt          |     5 |    13 |    59 |   111 |   265 |   251 |   232 |   412 |   333 ||  1681
         Punch             |       |       |     1 |     1 |       |       |       |       |       ||     2
         War axe           |       |       |       |   458 |   488 |       |       |       |       ||   946
         Eveningstar       |       |       |       |       |    33 |     9 |       |       |       ||    42
         Broad axe         |       |       |       |       |   413 |   797 |   793 |  1437 |   909 ||  4349
   Fire: Sling             |       |       |       |       |       |       |       |       |    10 ||    10
  Throw: Throwing net      |       |       |       |       |       |     2 |       |     3 |       ||     5
 Invoke: Berserk           |     1 |     4 |     3 |     5 |    11 |     9 |     4 |     9 |     8 ||    54
         Trog's Hand       |       |       |       |     1 |     4 |     9 |     4 |    16 |    11 ||    45
         Brothers in Arms  |       |       |       |       |     3 |    13 |     1 |     8 |     3 ||    28
Ability: Evoke Invisibilit |       |       |       |       |       |     2 |       |       |       ||     2
  Evoke: Phial of floods   |       |       |       |       |       |       |       |       |     1 ||     1
    Use: Scroll            |       |       |       |    12 |     6 |    22 |     5 |    15 |     6 ||    66
         Potion            |       |       |       |       |     3 |     8 |     2 |     8 |    12 ||    33
   Stab: Sleeping          |     1 |       |       |       |       |       |       |       |       ||     1
         Invisible         |       |       |       |       |       |     2 |       |     2 |       ||     4
         Distracted        |       |       |       |       |       |       |     1 |     5 |     1 ||     7
         Confused          |       |       |       |       |       |       |       |       |     1 ||     1
 Armour: Animal skin       |     7 |       |       |       |       |       |       |       |       ||     7
         Scale mail        |    13 |       |       |       |       |       |       |       |       ||    13
         Plate armour      |       |    73 |   198 |   214 |   401 |   458 |   146 |       |       ||  1490
         Gold dragon scale |       |       |       |       |       |       |     6 |   463 |   428 ||   897
  Dodge: Dodged            |    39 |    65 |   112 |    70 |   221 |   193 |   100 |   216 |   173 ||  1189
  Block: Kite shield       |       |       |       |   714 |   898 |  1094 |       |       |       ||  2706
         Reflection        |       |       |       |    12 |    39 |    74 |    66 |    66 |    12 ||   269
         Other             |       |       |       |       |     1 |       |       |       |       ||     1
         Tower shield      |       |       |       |       |       |   705 |   555 |  1315 |   944 ||  3519

Table legend: (Time is in decaauts)
 A = Elapsed time spent in this place.
 B = Non-inter-level travel time spent in this place.
 C = Inter-level travel time spent in this place.
 D = Time resting spent in this place.
 E = Time spent auto-exploring this place.
 F = Levels seen in this place.
 G = Mean time per level.
                   A        B        C        D        E       F      G
               +--------+--------+--------+--------+--------+-----+--------+
         Total |  74934 |  66013 |   8921 |  12661 |  36457 |  50 | 1498.7 |
       Dungeon |  19109 |  15819 |   3290 |   2057 |  10988 |  15 | 1273.9 |
          Lair |  10417 |   9019 |   1398 |   2409 |   4790 |   5 | 2083.4 |
        Shoals |   5434 |   4747 |    687 |    642 |   1916 |   4 | 1358.5 |
     Snake Pit |   6390 |   5737 |    653 |   1111 |   2998 |   4 | 1597.5 |
  Orcish Mines |   2555 |   2117 |    438 |    742 |    909 |   2 | 1277.5 |
   Elven Halls |   5201 |   4766 |    435 |    784 |   2500 |   3 | 1733.7 |
        Vaults |   6173 |   5461 |    712 |    451 |   3792 |   4 | 1543.2 |
        Depths |   6538 |   5598 |    940 |   1049 |   3249 |   4 | 1634.5 |
           Zot |   9416 |   9051 |    365 |   2426 |   3874 |   5 | 1883.2 |
         Abyss |   3558 |   3558 |      0 |    987 |   1365 |   3 | 1186.0 |
       Ossuary |    137 |    137 |      0 |      0 |     74 |   1 |  137.0 |
               +--------+--------+--------+--------+--------+-----+--------+

Top non-repeatable levels by time:
   Zot:5: 3991 daAuts
  Lair:5: 2988 daAuts
 Snake:4: 2849 daAuts
   Zot:3: 2573 daAuts
Shoals:4: 2296 daAuts
  Lair:3: 2171 daAuts
   Elf:3: 2157 daAuts
  Lair:2: 2017 daAuts
    D:13: 1977 daAuts
Vaults:3: 1909 daAuts
Depths:2: 1846 daAuts
    D:15: 1830 daAuts
 Abyss:2: 1752 daAuts
    D:11: 1730 daAuts
Depths:3: 1713 daAuts
